Map: Golden Wall LE

Players

meeK - Winner!

  • Race: Protoss Protoss
  • League: Diamond
  • Spawn Location: 7:00

DHDH

  • Race: Terran Terran
  • League: Diamond
  • Spawn Location: 5:00

VOD

Have the link to the VOD?

Description

Time

  • Played on: May 28, 2020, 4:40 p.m.
  • Length: 6:25
Show
View Real Time Build Order
Export as new Build Order

meeK Protoss - Winner!

Build Orders: 1 Gate Expand, Blink Stalkers 

Get SALT Encoding   

  12  0:00  Probe  
  14  0:14  Probe  
  14  0:18  Pylon  
  14  0:26  Probe (Chrono Boost)  
  15  0:37  Probe (Chrono Boost)  
  15  0:40  Gateway  
  16  0:46  Probe  
  17  0:52  Assimilator  
  17  0:58  Probe (Chrono Boost)  
  18  1:10  Probe (Chrono Boost)  
  19  1:21  Nexus  
  19  1:32  Cybernetics Core  
  19  1:34  Probe  
  20  1:45  Pylon  
  20  1:46  Probe  
  21  1:49  Assimilator  
  21  1:58  Probe  
  22  2:05  Stalker (Chrono Boost)  
  24  2:10  Warp Gate  
  24  2:12  Probe  
  25  2:40  Probe (Chrono Boost)  
  25  2:41  Probe (Chrono Boost)  
  25  2:42  Twilight Council  
  30  2:51  Sentry  
  30  2:52  Probe (Chrono Boost)  
  30  2:57  Probe (Chrono Boost)  
  31  3:00  Gateway  
  31  3:08  Gateway  
  31  3:11  Probe (Chrono Boost)  
  31  3:12  Probe (Chrono Boost)  
  33  3:17  Stalker  
  35  3:23  Probe (Chrono Boost)  
  35  3:26  Blink (Chrono Boost)  
  36  3:30  Probe (Chrono Boost)  
  37  3:37  Probe  
  37  3:40  Probe  
  39  3:48  Pylon  
  39  3:49  Probe  
  40  3:56  Probe  
  40  3:58  Stalker x2  
  40  4:01  Probe  
  46  4:08  Shield Battery  
  46  4:10  Shield Battery  
  46  4:11  Stalker  
  47  4:26  Stalker x2  
  47  4:31  Probe x2  
  53  4:42  Pylon  
  53  4:46  Robotics Facility  
  53  4:49  Pylon  
  53  4:53  Probe  
  53  4:55  Assimilator  
  55  5:00  Probe, Assimilator  
  55  5:03  Pylon  
  55  5:05  Probe  
  56  5:12  Probe  
  57  5:14  Nexus  
  57  5:27  Zealot x3  
  63  5:28  Probe x2  
  63  5:31  Templar Archives  
  65  5:39  Pylon  
  65  5:40  Probe  
  65  5:41  Probe  
  67  5:48  Zealot x3  
  73  5:53  Probe x2  
  75  6:05  Probe x2  
Show
View Real Time Build Order
Export as new Build Order

DHDH Terran 

Build Orders:  

Get SALT Encoding   

  12  0:01  SCV  
  13  0:13  SCV  
  14  0:18  Supply Depot  
  14  0:25  SCV  
  15  0:39  SCV  
  16  0:42  Barracks  
  16  0:47  Refinery  
  16  0:51  SCV  
  17  0:59  Refinery  
  17  1:03  SCV  
  18  1:16  SCV  
  19  1:29  Orbital Command  
  19  1:30  Reaper  
  20  1:35  Supply Depot  
  20  1:55  SCV  
  20  1:57  Factory  
  21  2:02  Reaper  
  21  2:07  SCV  
  23  2:10  Supply Depot  
  23  2:21  Bunker  
  23  2:34  Reaper  
  23  2:41  SCV, Factory Tech Lab  
  24  2:59  Command Center  
  24  3:04  Bunker  
  24  3:06  Cyclone  
  24  3:10  SCV  
  28  3:23  SCV  
  29  3:30  Reaper  
  29  3:34  Supply Depot, Mag-Field Accelerator  
  30  3:41  Refinery  
  30  3:47  Cyclone  
  33  3:52  SCV  
  34  4:01  Starport  
  30  4:23  Orbital Command  
  27  4:27  Supply Depot  
  27  4:28  Cyclone  
  27  4:30  SCV  
  31  4:40  Starport Tech Lab  
  31  4:42  SCV, Factory  
  32  4:50  Supply Depot  
  32  4:52  SCV  
  33  5:03  SCV  
  34  5:09  Siege Tank  
  34  5:10  Raven  
  34  5:12  SCV  
  40  5:20  SCV  
  41  5:23  Refinery  
  41  5:26  SCV  
  41  5:27  Factory Tech Lab  
  42  5:30  Barracks  
  42  5:37  SCV  
  42  5:38  SCV  
  42  5:41  Cyclone  
  47  5:49  SCV  
  48  5:50  SCV  
  48  5:51  Siege Tank  
Tags
 
Add a new tag
Caveats
  • Supply blocks, unpowered buildings, or Contaminate may cause inaccurate times.
  • Supply counts are checked every 10 seconds.